 Dungeon Crawl Stone Soup version 0.18-a0-49-gd105b5a (webtiles) character file.

826 patman the Basher (level 7, -1/34 HPs)
             Began as a Vine Stalker Gladiator on Nov 7, 2015.
             Was a Believer of Okawaru.
             Slain by Prince Ribbit (9 damage)
             ... on level 5 of the Dungeon.
             The game lasted 00:05:11 (3508 turns).

patman the Basher (Vine Stalker Gladiator)          Turns: 3508, Time: 00:05:11

Health: -1/34      AC:  6    Str: 17    XL:     7   Next: 96%
Magic:  0/8        EV: 12    Int:  8    God:    Okawaru [**....]
Gold:   504        SH:  0    Dex: 17    Spells: 0 memorised, 6 levels left

rFire  . . .     SeeInvis .     a - +0 flail
rCold  . . .     Clarity  .     b - +0 leather armour
rNeg   . . .     SustAt   .     (no shield)
rPois  .         Gourm    .     c - +0 helmet
rElec  .         Spirit   +     q - +0 cloak
rCorr  .         Warding  .     r - +0 pair of gloves
rMut   .         Stasis   .     (no boots)
MR     .....                    (no amulet)
Stlth  +.........               (no ring)
                                (no ring)

@: not resistant to hostile enchantments, very unstealthy
A: fangs 2, regeneration 2, magic shield, antimagic bite, no device heal 3, rot
immunity
a: Heroism, Renounce Religion


You were on level 5 of the Dungeon.
You worshipped Okawaru.
Okawaru was pleased with you.
You were not hungry.

You visited 1 branch of the dungeon, and saw 5 of its levels.
You also visited: Sewer and Ossuary.

You collected 504 gold pieces.

Inventory:

Hand Weapons
 a - a +0 flail (weapon)
Missiles
 d - 3 throwing nets (quivered)
Armour
 b - a +0 leather armour (worn)
 c - a +0 helmet (worn)
 q - a +0 cloak (worn)
 r - a +0 pair of gloves (worn)
Wands
 g - a wand of cold (5)
Scrolls
 h - a scroll of enchant weapon {unknown}
 l - a scroll of random uselessness {unknown}
 n - a scroll of immolation {unknown}
 s - a scroll of blinking {unknown}
 t - a scroll of teleportation
 w - a scroll of remove curse
 x - a scroll of recharging {unknown}
 y - a scroll of fog {unknown}
 A - a scroll of fear {unknown}
 C - a scroll of amnesia
Potions
 i - a potion of haste
 j - 2 potions of resistance
 k - 3 potions of curing
 m - a potion of lignification
 p - a potion of invisibility
 u - a potion of agility
 v - a potion of mutation
 B - a potion of cure mutation {unknown}
 F - a potion of berserk rage {unknown}
Books
 o - a book of Party Tricks

   Spells                             Type                      Level
   a - Summon Butterflies             Summoning                    1
   b - Apportation                    Translocation                1
   c - Tukima's Dance                 Hexes                        3
   d - Alistair's Intoxication        Transmutation/Poison         4
   e - Invisibility                   Hexes                        6
Comestibles
 e - 4 bread rations
 f - 2 meat rations
 z - 5 fruits
 D - a beef jerky
 E - 6 chunks of flesh


   Skills:
 - Level 1.7 Fighting
 * Level 8.4 Maces & Flails
 - Level 1.7 Throwing
 - Level 2.4 Dodging


You had 6 spell levels left.
You didn't know any spells.

Dungeon Overview and Level Annotations

Branches:
Dungeon (5/15)             Temple (0/1) D:4

Altars:
Fedhas
Okawaru
Sif Muna

Shops:
D:4 *

Annotations:
D:5 Prince Ribbit


Innate Abilities, Weirdness & Mutations

You have extremely sharp teeth.
You heal very quickly.
When hurt, damage is shared between your health and your magic reserves.
Your bite disrupts and absorbs the magic of your enemies.
Potions and wands cannot restore your health.
You are immune to rotting.


Message History

You are too injured to fight recklessly!
You are too injured to fight recklessly!
You are too injured to fight recklessly!
You are too injured to fight recklessly!
You are too injured to fight recklessly!
You are too injured to fight recklessly!
You are too injured to fight recklessly!
You are too injured to fight recklessly!
You are too injured to fight recklessly!
You are too injured to fight recklessly!
You are too injured to fight recklessly!
You are too injured to fight recklessly!
You are too injured to fight recklessly!
You are too injured to fight recklessly!
You are too injured to fight recklessly!
You are too injured to fight recklessly!
You hit Prince Ribbit. Your bite misses Prince Ribbit.
Prince Ribbit is heavily wounded.
Prince Ribbit hits you!
You die...

.#.........#
.'.........#
##...##...##############
#######...#.............
.....##...#.............
.....#....+.............
.....#....#.............
##'####...#......F......
##..###...######@##
.....'.....#......#
.....#....>#......#
##..##....###.##.##
#..##....###.##.#
#..........'....#
...........#....#
#########+########


You could see Prince Ribbit.

Vanquished Creatures
  Sigmund (D:2)
  A phantom (D:4)
  An ogre (D:4)
  A centaur (D:5)
  A crocodile (Sewer)
  2 crimson imps
  2 human zombies (Ossuary)
  A worker ant (D:5)
  3 big kobold zombies (Ossuary)
  2 mummies (Ossuary)
  A hound skeleton (D:4)
  4 adders
  An ooze (D:3)
  2 worms
  An orc (D:4)
  A ball python (D:2)
  6 bats
  2 gnoll zombies (Ossuary)
  A goblin (D:1)
  3 hobgoblins (D:1)
  2 giant cockroaches
  3 giant geckos
  2 giant newts (D:1)
  4 goblin zombies (Ossuary)
  2 hobgoblin zombies (Ossuary)
  3 jackals (D:1)
  6 kobolds
  An orc zombie (Ossuary)
  7 rats
  A toadstool (D:1)
68 creatures vanquished.

Vanquished Creatures (others)
  3 toadstools (D:1)
3 creatures vanquished.

Grand Total: 71 creatures vanquished

Notes
Turn   | Place    | Note
--------------------------------------------------------------
     0 | D:1      | patman the Vine Stalker Gladiator began the quest for the Orb.
     0 | D:1      | Reached XP level 1. HP: 11/11 MP: 2/2
   201 | D:1      | Reached skill level 3 in Maces & Flails
   319 | D:1      | Reached XP level 2. HP: 15/15 MP: 3/3
   847 | D:2      | Noticed Sigmund
   859 | D:2      | Killed Sigmund
   859 | D:2      | Reached skill level 5 in Maces & Flails
   859 | D:2      | Reached XP level 3. HP: 3/18 MP: 2/4
   859 | D:2      | Reached XP level 4. HP: 3/23 MP: 2/5
   859 | D:2      | Reached XP level 5. HP: 3/26 MP: 2/6
  1007 | D:2      | Found a deep blue altar of Sif Muna.
  1553 | D:3      | Found a faded altar to an unknown god.
  1561 | D:3      | Became a worshipper of Warmaster Okawaru
  1561 | D:3      | Reached * piety under Okawaru
  1748 | D:3      | Found a blossoming altar of Fedhas.
  2066 | D:3      | Gained mutation: You heal very quickly. [Vine Stalker growth]
  2066 | D:3      | Reached XP level 6. HP: 28/30 MP: 7/7
  2134 | D:4      | Found a sand-covered staircase.
  2152 | Ossuary  | Entered an ossuary
  2167 | Ossuary  | Reached skill level 6 in Maces & Flails
  2608 | D:4      | Reached skill level 7 in Maces & Flails
  2608 | D:4      | Reached XP level 7. HP: 23/34 MP: 8/8
  2647 | D:4      | Found Teovut's Assorted Antiques.
  2695 | D:4      | Found a staircase to the Ecumenical Temple.
  2982 | D:4      | Reached ** piety under Okawaru
  3171 | D:5      | Entered Level 5 of the Dungeon
  3206 | D:5      | Reached skill level 8 in Maces & Flails
  3229 | D:5      | Found a glowing drain.
  3337 | Sewer    | Entered a sewer
  3499 | D:5      | Noticed Prince Ribbit
  3508 | D:5      | Slain by Prince Ribbit

Vault maps used:
D:1:      ldierk_water_garden
D:2:      lemuel_blue_sif_altar, uniq_sigmund
D:3:      fedhas_altar_fruit_tree, ecumenical_altar_1, first_bread, st_stairs_14
D:4:      lemuel_temple_firewalk_marked, nicolae_ossuary_entry_ruins,
          serial_shops, shop
D:5:      nemelex_deck, serial_shops, nicolae_shop_waterfront,
          portal_sewer_entry_d, uniq_prince_ribbit1
Sewer:    sewer_big_baddie
Ossuary:  minmay_ossuary_gauntlet

Action                   |  1- 3 |  4- 6 |  7- 9 || total
-------------------------+-------+-------+-------++-------
Melee: Flail             |    64 |   144 |    77 ||   285
  Use: Scroll            |       |     4 |     6 ||    10
 Stab: Sleeping          |     2 |     1 |     1 ||     4
  Eat: Chunk             |       |     2 |     2 ||     4
       Beef jerky        |       |     1 |       ||     1
       Pizza             |       |     1 |     1 ||     2
